[Event "New York Spring IM-C 2022"]
[Site "New York"]
[Date "2022.04.19"]
[Round "9.1"]
[White "Antova, Gabriela"]
[Black "Lee, Justin"]
[Result "1-0"]
[ECO "D11"]
[WhiteElo "2304"]
[BlackElo "2104"]
[Annotator "TA"]
[PlyCount "57"]
[EventDate "2022.04.14"]
[EventType "tourn"]
[EventCountry "USA"]
[SourceTitle "playchess.com"]
[Source "ChessBase"]
[SourceQuality "1"]
[TimeControl "5400+30"]

1. d4 d5 2. c4 c6 3. Nf3 Nf6 4. Nbd2 Bf5 5. Nh4 Be4 6. Qb3 {[%emt 0:00:31] With the idea f3. D11: Slav Defence: 3 Nf3 sidelines and 3...Nf6 4 e3 Bg4.} Qc8 ({Better is} 6... Qb6 $11) 7. Nxe4 $14 dxe4 {[%emt 0:00:17] [#]} 8. g3 $146 {[%emt 0:00:17][%cal Of1h3] White is slightly better.} ({Predecessor:} 8. g4 Nxg4 9. Bh3 h5 10. Bg5 e6 11. f3 exf3 12. exf3 Nf6 13. d5 cxd5 14. cxd5 {½-½ (37) Kozionov,K (2433)-Travkina,A (2221) St Petersburg 2017}) 8... e6 9. Bh3 Nbd7 10. O-O Bd6 (10... Be7 $14) 11. c5 (11. f3 $16) 11... Be7 12. f3 O-O 13. Qc2 (13. fxe4 $14 Nxe4 14. Bg2 (14. Bxe6 Bf6 $14)) 13... exf3 14. Nxf3 b6 15. cxb6 axb6 16. e4 Qb7 17. e5 {[%emt 0:11:29] Ng5 is the strong threat.} Nd5 18. Bg5 {[%emt 0:00:46] Strongly threatening Bxe7.} h6 19. Bxe7 Nxe7 20. Qe4 (20. g4 $5 ) 20... Nd5 21. Nd2 c5 22. Nc4 $1 Qc6 {[%emt 0:07:39] [#]} (22... cxd4 $11 {keeps the balance.} 23. Nd6 Nc5) 23. Nd6 $1 $16 {[%emt 0:03:26][%cal Of1f7] Hoping for Rxf7! &Bianco is more active.} N7f6 $2 {[%emt 0:05:29][%mdl 8192] [#] This costs Black the game.} 24. Rxf6 $1 $18 gxf6 {[%emt 0:08:59] [#]} (24... Qd7 25. Rf2) 25. exf6 {[%emt 0:00:27] White threatens Qg4+ and mate.} Kh8 {[%emt 0:02:38] [#]} (25... Ne7 26. Qf4) 26. Qh4 $1 Kh7 {[%emt 0:03:03] [#]} (26... Nxf6 27. Qxf6+) 27. Nf5 $1 {[%emt 0:00:14][%mdl 512] White mates.} exf5 28. Bxf5+ Kh8 29. Qxh6+ {[%emt 0:00:06] Weighted Error Value: White=0.10 (very precise) /Black=0.80} 1-0

[Event "New York Spring IM-C 2022"]
[Site "New York"]
[Date "2022.04.19"]
[Round "9.2"]
[White "Jakovljevic, Vlado"]
[Black "Dolgitser, Konstantin"]
[Result "1-0"]
[ECO "D47"]
[WhiteElo "2352"]
[BlackElo "2199"]
[Annotator "TA"]
[PlyCount "39"]
[EventDate "2022.04.14"]
[EventType "tourn"]
[EventCountry "USA"]
[SourceTitle "playchess.com"]
[Source "ChessBase"]
[SourceQuality "1"]
[TimeControl "5400+30"]

1. Nf3 d5 2. d4 Nf6 3. c4 c6 4. Nc3 e6 5. e3 Nbd7 6. Bd3 dxc4 7. Bxc4 b5 8. Bd3 Bd6 9. O-O O-O 10. e4 e5 11. Bg5 Bb7 12. dxe5 {[%emt 0:19:07] D47: Semi-Slav: Meran System.} Nxe5 13. Nxe5 Bxe5 14. f4 {[%emt 0:00:02] White has an edge.} Bd4+ (14... Bxc3 $11 {remains equal.} 15. bxc3 h6) 15. Kh1 $16 {[%emt 0:00:09] [#] Strongly threatening e5.} Qd7 {[%emt 0:01:44] [#]} (15... h6 $16) 16. e5 $146 ({Predecessor:} 16. Bxf6 Bxf6 17. e5 Be7 18. Bxh7+ {1-0 (18) Truman,R (1916)-Staniforth,M (1940) Ascot 2013}) 16... Ng4 (16... Nd5 $16 {might work better.}) 17. e6 fxe6 (17... Qxe6 18. f5 (18. Bxh7+ Kxh7 19. f5 Qd7 $11) 18... Qd7) 18. Qxg4 $18 Bxc3 19. Qh3 ({Not} 19. bxc3 Qxd3 20. Qxe6+ Rf7 $11) 19... Bf6 (19... g6 $18 20. bxc3 c5) 20. Qxh7+ {[%emt 0:00:13] Black did not feel at home in the position after the opening.  Weighted Error Value: White=0.05 (flawless) /Black=1.55} 1-0

[Event "New York Spring IM-C 2022"]
[Site "New York"]
[Date "2022.04.19"]
[Round "9.3"]
[White "Umayan, Vincent"]
[Black "Chasin, Nico"]
[Result "0-1"]
[ECO "B40"]
[WhiteElo "2043"]
[BlackElo "2270"]
[Annotator "TA"]
[PlyCount "94"]
[EventDate "2022.04.14"]
[EventType "tourn"]
[EventCountry "USA"]
[SourceTitle "playchess.com"]
[Source "ChessBase"]
[SourceQuality "1"]
[TimeControl "5400+30"]

1. e4 c5 2. Nf3 e6 3. d4 cxd4 4. Nxd4 Qc7 5. Nb5 Qc6 6. Be3 {[%emt 0:05:33] B40: Sicilian: 2...e6, Unusual lines.} a6 7. Na7 Qc7 8. Nxc8 {[%emt 0:06:02] White is slightly better.} Qxc8 9. Nd2 Qc7 {[%emt 0:05:50] [#]} 10. Be2 $146 (10. f4 $14 {might be stronger.}) ({Predecessor:} 10. Bd3 Nf6 11. Qe2 Nc6 12. c3 d5 13. O-O Be7 14. Rad1 Rd8 15. f4 d4 16. e5 dxe3 17. exf6 Bxf6 18. Qxe3 {½-½ (41) Toropov,M (2345)-Jung,B (2380) ICCF email 2010}) 10... Bc5 $11 11. Bxc5 Qxc5 12. Nc4 Nc6 (12... Nf6 $11) 13. Qd6 $36 {[%emt 0:06:56][%mdl 2048] White has good play.} Qxd6 14. Nxd6+ Ke7 15. O-O-O (15. Nxb7 Nf6 $11) 15... Nf6 16. Rd2 (16. f4 $14) 16... Rab8 17. Rhd1 (17. f4 $14) 17... Rhd8 18. f4 Ne8 19. e5 f6 20. exf6+ gxf6 21. Ne4 d5 22. Nc5 Nc7 23. Rd3 b6 24. Nb3 Rg8 25. Bf3 Rbd8 26. Rc3 Kd6 27. Nd2 (27. a3 $14) 27... Nb5 $11 28. Re3 (28. Ne4+ Kc7 29. Rxc6+ Kxc6 30. Nxf6 Rgf8 $17) 28... Nbd4 29. g3 b5 (29... Nxf3 $11 30. Rxf3 (30. Nxf3 e5 $11) 30... Ke7) 30. Bg2 $14 Rge8 ({Black should try} 30... Nf5 $14 31. Ree1 Ke7) 31. c3 (31. g4 $16) 31... Nf5 32. Rd3 Kc7 33. Bh3 Nd6 34. f5 Ne5 ({Don't take} 34... exf5 35. Rxd5 Re2 36. Nf3 $14) 35. Rd4 Nxf5 36. Bxf5 exf5 37. Rf1 Ng4 38. h3 ({Don't blunder} 38. Rxf5 $2 Re1+ 39. Kc2 Ne3+ 40. Kb3 Nxf5 $19) 38... Ne3 39. Rf3 Re5 40. Rd3 ({White should play} 40. Nb3 $11) 40... Rde8 $15 41. b3 (41. Rd4 $15) 41... Ng2 $17 {[%emt 0:00:01] [#] Hoping for ...Ne1.} 42. Rf2 (42. Rf1 $17) 42... Re1+ $19 43. Kb2 Ne3 {[%emt 0:00:36] Threatens to win with ...Nd1+.} 44. Ka3 Rd1 {[%emt 0:00:39] &Nero is more active.} 45. Rf3 $2 {[%emt 0:00:31][%mdl 8192] [#]} (45. Kb2 $17) 45... Nc2+ $1 46. Kb2 Ne1 47. Rde3 {[%emt 0:01:26] Against Re2} Rxd2+ {[%emt 0:40:00] Weighted Error Value: White=0.39/Black=0.12 (very precise)} 0-1

[Event "New York Spring IM-C 2022"]
[Site "New York"]
[Date "2022.04.19"]
[Round "9.4"]
[White "Ngo, Bach"]
[Black "Rozman, Levy"]
[Result "1-0"]
[ECO "E11"]
[WhiteElo "2306"]
[BlackElo "2334"]
[Annotator "TA"]
[PlyCount "73"]
[EventDate "2022.04.14"]
[EventType "tourn"]
[EventCountry "USA"]
[SourceTitle "playchess.com"]
[Source "ChessBase"]
[SourceQuality "1"]
[TimeControl "5400+30"]

1. d4 Nf6 2. Nf3 e6 3. c4 Bb4+ 4. Bd2 Qe7 5. g3 Bxd2+ 6. Qxd2 Nc6 {[%emt 0:00:15] E11: Bogo-Indian.} 7. Nc3 d5 8. Bg2 dxc4 {[%emt 0:02:38] The position is equal.} 9. O-O O-O 10. e4 (10. Ne5 $11) 10... Rd8 11. Rad1 Rb8 {[%emt 0:14:16] [#]} 12. Qe3 $146 ({Predecessor:} 12. a4 a6 13. Rfe1 Nb4 14. Bf1 b5 15. Qf4 Nd3 16. Bxd3 cxd3 17. Rxd3 b4 18. Nb1 {0-1 (50) Pogosyan,S (2459)-Tregubov,P (2588) Moscow 2019}) 12... b5 13. Rfe1 Nb4 14. Re2 {[%emt 0:02:50] Against Nc2} Ng4 15. Qd2 Nf6 (15... Nd3 $17 {Strongly threatening ...c5.} 16. h3 Nf6) 16. Ne5 (16. Qe3 $1 $11 {keeps the balance.}) 16... Nd7 $17 17. Nf3 (17. Nxd7 $15 Qxd7 18. d5) 17... Nf6 (17... Nd3 $17 {And now ...c5 would win.} 18. b3 Ba6) 18. Qg5 {[%emt 0:08:00] Against c5} (18. Qe3 $11 {remains equal.}) 18... h6 19. Qh4 Qf8 20. g4 Nd3 21. g5 Nh7 (21... hxg5 $19 22. Nxg5 Rxd4) 22. gxh6 $11 gxh6 23. Qg3+ Qg7 24. Qxc7 Bd7 {[%emt 0:00:04] [#] ...b4 is the strong threat.} 25. Re3 $1 Rbc8 26. Qa5 (26. Qxa7 $11 Ra8 27. Qb6) 26... b4 (26... Nf4 27. Ne1 $11) (26... Nxb2 $17 27. Rb1 Nd3) 27. Ne2 $1 Nxb2 28. Rb1 Nd3 29. Ne1 $1 {[%emt 0:00:14] [#] Threatens to win with Rg3.} Kh8 ({Black should try} 29... Ng5 $1 $14) 30. Nxd3 $16 cxd3 31. Rxd3 (31. Rg3 Ng5 32. Nc1 Qxd4 $17) 31... Rg8 ({Black should play} 31... Qg5 32. d5 exd5) 32. Rg3 Qf6 33. Qxb4 ({Don't do} 33. e5 Qf5 34. Qxb4 Ng5 $14) 33... Ng5 (33... a6 $16) 34. Qd2 $18 Bc6 35. Qe3 Ba8 36. Nf4 $2 (36. Rb5 $18) 36... Rc4 $2 (36... Bxe4 $1 $14 37. Rb4 (37. Bxe4 Qxf4 38. Qxf4 Nh3+ 39. Kg2 Nxf4+ 40. Kf3 Nh5 $11) 37... Bxg2 38. Kxg2 Qf5) 37. h4 {[%emt 0:00:53] Quite a comeback for White.  Weighted Error Value: White=0.27 (precise) /Black=0.39} 1-0

[Event "New York Spring IM-C 2022"]
[Site "New York"]
[Date "2022.04.19"]
[Round "9.5"]
[White "Singh, Hersh"]
[Black "Berczes, David"]
[Result "0-1"]
[ECO "A50"]
[WhiteElo "2084"]
[BlackElo "2452"]
[Annotator "TA"]
[PlyCount "70"]
[EventDate "2022.04.14"]
[EventType "tourn"]
[EventCountry "USA"]
[SourceTitle "playchess.com"]
[Source "ChessBase"]
[SourceQuality "1"]
[TimeControl "5400+30"]

1. Nf3 Nf6 2. g3 b6 3. Bg2 Bb7 4. O-O g6 5. c4 Bg7 6. d4 O-O 7. Nc3 {7.Re1 is the recent fashion.} Ne4 8. Nxe4 Bxe4 9. Bf4 {[%emt 0:03:24] A50: Queen's Fianchetto Defence (1 d4 Nf6 2 c4 b6).} d6 10. Qd2 Nd7 11. Bh6 {[%emt 0:00:41] The position is equal.} c5 12. Bxg7 Kxg7 13. Ne1 Bxg2 14. Nxg2 {[%emt 0:00:55] [#]} Rc8 $146 ({Predecessor:} 14... Nf6 15. b3 d5 16. dxc5 dxc4 17. Qc3 cxb3 18. axb3 bxc5 19. Qxc5 Qb6 20. b4 Rfb8 21. Qxe7 {½-½ (51) Petr,M (2542)-Naroditsky,D (2559) Teplice 2014}) 15. d5 Nf6 16. a4 (16. f3 $14) 16... Qd7 17. Qd3 h5 18. a5 (18. e4 $14) 18... Rb8 19. axb6 Rxb6 20. b3 Rfb8 21. Ra3 Qb7 22. Rb1 Ra6 23. Rba1 Rxa3 24. Rxa3 Qb4 $36 {[%emt 0:05:40][%mdl 2048] Prevents Qc3. Black has the initiative.} 25. Rxa7 Ng4 26. h3 ({Don't go for} 26. Rxe7 $2 Ra8 27. Qb1 Qc3 $19) (26. f3 $5 Ne5 27. Qe3 $11) 26... Ne5 27. Qe4 (27. Qd1 $15 Qxb3 28. Qxb3 Rxb3 29. Rxe7) 27... Qxb3 $17 28. Ne3 {[%emt 0:01:03] Against Qd1+} Qc3 {[%emt 0:00:48] [#] Strongly threatening ...Qe1+.} 29. Nf1 $2 {[%emt 0:20:19] Now White is beyond hope.} (29. Kg2 $17 {nothing else works.}) 29... Qe1 $19 {[%emt 0:01:23] Hoping for ...Rb1.} 30. Ra2 Rb1 31. Qg2 Nxc4 {[%emt 0:00:44] And now ...Nd2 would win.} 32. g4 h4 {[%emt 0:00:26] [#] White must now prevent ...Nd2.} 33. g5 Nd2 {[%emt 0:02:45] Black mates.} 34. Rxd2 Qxd2 35. Qe4 Qxg5+ {[%emt 0:00:26] Weighted Error Value: White=0.85/Black=0.20 (precise)} 0-1